 Dungeon Crawl Stone Soup version 0.23.1 (webtiles) character file.

Game seed: 17887158474167384613

46 Chiseanne the Covert (level 3, -2/18 HPs)
             Began as a Spriggan Assassin on Mar 5, 2019.
             Slain by an iguana (12 damage)
             ... on level 2 of the Dungeon.
             The game lasted 00:02:45 (1494 turns).

Chiseanne the Covert (Spriggan Assassin)            Turns: 1494, Time: 00:02:46

Health: -2/18      AC:  3    Str:  7    XL:     3   Next: 46%
Magic:  13/13      EV: 17    Int: 12    God:
Gold:   60         SH:  0    Dex: 18    Spells: 2/2 levels left

rFire    . . .     SeeInvis +   a - +3 dagger
rCold    . . .     Gourm    .   (shield restricted)
rNeg     . . .     Faith    .   c - +0 robe
rPois    .         Spirit   .   (helmet restricted)
rElec    .         Reflect  .   d - +0 cloak
rCorr    .         Harm     .   (gloves unavailable)
MR       .....                  (boots unavailable)
Stlth    ++++......             (no amulet)
HPRegen  0.06/turn              m - ring of magical power
MPRegen  0.13/turn              (no ring)

@: very quick
A: very small, unfitting armour, see invisible, herbivore, speed 3, slow
metabolism 2
a: no special abilities


You were on level 2 of the Dungeon.
You were not hungry.

You visited 1 branch of the dungeon, and saw 2 of its levels.

You collected 60 gold pieces.

Inventory:

Hand Weapons
 a - a +3 dagger (weapon)
 w - a +0 blowgun
Missiles
 e - 5 poisoned needles
 f - 2 curare-tipped needles
 k - 38 stones (quivered)
 n - 56 arrows
 p - 23 sling bullets
Armour
 c - a +0 robe (worn)
 d - a +0 cloak (worn)
Jewellery
 m - a ring of magical power (left hand)
Wands
 o - a wand of enslavement (8)
Scrolls
 h - 3 scrolls of identify
 i - a scroll of teleportation
Potions
 j - a potion of might {unknown}
 l - a potion of lignification {unknown}
Comestibles
 g - 3 rations


   Skills:
 - Level 1.5 Fighting
 - Level 2.1 Short Blades
 - Level 2.0 Throwing
 - Level 1.5 Dodging
 * Level 8.0 Stealth


You had 2 spell levels left.
You didn't know any spells.
Your spell library was empty.

Dungeon Overview and Level Annotations

Branches:
Dungeon (2/15)

Altars:

Annotations:
D:2 Robin


Innate Abilities, Weirdness & Mutations

You are very small and have problems with some larger weapons.
You are too small for most types of armour.
You have supernaturally acute eyesight. (SInv)
You are a herbivore.
You cover ground extremely quickly.
You need to consume almost no food.


Message History

The bat closely misses you.
Wield which item (- for none, * to show all)? (? for menu, Esc to quit)
a - a +3 dagger (weapon)
The goblin shouts! x2; You hear a shout!
The bat misses you.
You hear a shout!
The bat misses you.
You hit the bat.
You kill the bat!
A hobgoblin comes into view. It is wielding a +0 club.
A goblin comes into view. It is wielding a +1 dagger of venom.
A goblin, 2 hobgoblins and Robin come into view.
Robin is wielding a +4 mace of holy wrath.
The iguana looks more healthy.
A rat comes into view.
A goblin comes into view. x2
Robin moves out of view.
The goblin shouts!
The hobgoblin shouts!
The iguana bites you!
Ouch! That really hurt!
You die... .gggr..

#+# ..ggg...# #.# ...g....#
#.# ....g...# #.# ..g....#
#.# .......## #.# #..(.#
#.# #....# #.###
#..@l#######...##
#.......†((..#..#
########################b##
#.÷.#..'.## #Kb'.l.#
###...##..## ##.##...#
#.##.)#....## #..#...##
#....##.....## ##.##...#
###..#.......## #Kb#...###
#.#÷##........##...##...#.#


You could see an iguana, 3 hobgoblins and 3 goblins.

Vanquished Creatures
  An adder zombie (D:2)
  A dart slug (D:1)
  A leopard gecko (D:1)
  8 bats
  3 giant cockroaches
  6 goblins
  3 hobgoblins (D:1)
  5 jackals
  2 kobolds (D:1)
  A frilled lizard (D:1)
  5 rats
36 creatures vanquished.

Notes
Turn   | Place    | Note
-------+----------+-------------------------------------------
     0 | D:1      | Chiseanne the Spriggan Assassin began the quest for the
                  | Orb.
     0 | D:1      | Reached XP level 1. HP: 10/10 MP: 2/2
    29 | D:1      | Reached skill level 6 in Stealth
   198 | D:1      | Reached XP level 2. HP: 14/14 MP: 3/3
   373 | D:1      | Reached skill level 7 in Stealth
   535 | D:1      | Reached XP level 3. HP: 16/18 MP: 4/4
  1480 | D:2      | Reached skill level 8 in Stealth
  1493 | D:2      | Noticed Robin
  1494 | D:2      | Slain by an iguana

Skill      XL: |  1  2  3 |
---------------+----------+-----
Stealth        | 6 7 8 |  8.0
Fighting       | |  1.5
Short Blades   | |  2.1
Throwing       | |  2.0
Dodging        | |  1.5

Action                   || total
-------------------------++-------
Melee: Dagger            ||   115
 Fire: Blowgun           ||     3
  Use: Scroll            ||     3
 Stab: Distracted        ||     1
       Sleeping          ||     8
Armor: Robe              ||    23
Dodge: Dodged            ||    97
